[Event "Titled Tuesday Blitz July 26 Late 2022"]
[White "Fedoseev, Vladimir"]
[Black "Vlassov, Nikolai"]
[WhiteFideId "24130737"]
[BlackFideId "4103360"]
[WhiteElo "2726"]
[BlackElo "2324"]
[Result "1-0"]
[Round "02"]
[TimeControl "180+1"]
[Date "2022.07.26"]
[WhiteClock "0:00:38"]
[BlackClock "0:00:39"]

1. d4 Nf6 2. c4 Nc6 3. Bf4 e6 4. a3 d5 5. e3 Bd6 6. Bg5 h6 7. Bh4 Be7 8. Nf3 Ne4 9. Bxe7 Nxe7 10. Bd3 b6 11. Qa4+ Qd7 12. Qc2 Bb7 13. Ne5 Qd6 14. cxd5 exd5 15. Qa4+ Kf8 16. Nc3 Nxc3 17. bxc3 c5 18. O-O Rd8 19. Qxa7 Qc7 20. Ba6 Rb8 21. Qxb8+ Qxb8 22. Nd7+ 1-0


[Site "https://www.chess.com"]

[Event "Titled Tuesday Blitz July 26 Late 2022"]
[White "Fieberg, Samuel"]
[Black "Wagner, Dennis"]
[WhiteFideId "12901717"]
[BlackFideId "24650684"]
[WhiteElo "2415"]
[BlackElo "2355"]
[Result "0-1"]
[Round "02"]
[TimeControl "180+1"]
[Date "2022.07.27"]
[WhiteClock "0:00:54"]
[BlackClock "0:01:31"]

1. d4 Nf6 2. Nc3 d5 3. Bf4 c5 4. e4 Nxe4 5. Nxe4 dxe4 6. dxc5 Qa5+ 7. Qd2 Qxd2+ 8. Bxd2 Nc6 9. O-O-O e5 10. b4 Be6 11. a3 a5 12. b5 Nd4 13. Ne2 Bxc5 14. Kb2 Nxe2 15. Bxe2 Bxf2 16. Rhf1 e3 17. Bc3 f6 18. Be1 Bxe1 19. Rfxe1 f5 20. Bf3 e4 21. Rxe3 Ke7 22. Be2 Rhd8 23. Rxd8 Rxd8 24. Kc3 Kf6 25. g4 g6 26. Rh3 h5 27. gxh5 f4 28. Rh4 g5 0-1


[Site "https://www.chess.com"]

[Event "Titled Tuesday Blitz July 26 Late 2022"]
[White "Fiedorek, Michal"]
[Black "Matinian, Nikita"]
[WhiteFideId "1199528"]
[BlackFideId "24129100"]
[WhiteElo "1833"]
[BlackElo "2422"]
[Result "0-1"]
[Round "02"]
[TimeControl "180+1"]
[Date "2022.07.27"]
[WhiteClock "0:00:04"]
[BlackClock "0:00:04"]

1. e4 c5 2. Nf3 d6 3. d4 cxd4 4. Nxd4 Nf6 5. Nc3 g6 6. Be3 Bg7 7. f3 O-O 8. Qd2 Nc6 9. g4 Be6 10. O-O-O Nxd4 11. Bxd4 Qa5 12. a3 Rab8 13. h4 b5 14. Nd5 Qxd2+ 15. Rxd2 Bxd5 16. exd5 a5 17. Be3 b4 18. a4 Nd7 19. h5 Ne5 20. Be2 Rfc8 21. h6 Bh8 22. Kb1 b3 23. c3 Nc4 24. Rd3 Be5 25. Rf1 Nxe3 26. Rxe3 g5 27. Bb5 Rc5 28. c4 e6 29. dxe6 fxe6 30. Rxb3 Kf7 31. Re3 Kg6 32. Rh1 Rf8 33. Kc2 Rf4 34. b3 Kf6 35. Rb1 Rc7 36. b4 axb4 37. Rxb4 d5 38. a5 dxc4 39. a6 c3 40. Rxf4+ gxf4 41. Rd3 Kg5 42. Rd8 Kh4 43. Re8 Kg3 44. Rxe6 Bd4 45. Be2 Kf2 46. Re4 Be3 47. g5 Kxe2 48. Rb4 Kxf3 49. Rb7 Rc5 50. g6 hxg6 51. h7 Bd4 52. Rd7 Bf6 53. a7 Ra5 54. Rf7 Bd4 55. Rd7 Be5 56. Re7 Bh8 57. Re8 Rxa7 58. Rxh8 Rg7 59. Rg8 Rxh7 60. Rxg6 Rc7 61. Rf6 Ke3 62. Re6+ Kf2 63. Rf6 f3 0-1


[Site "https://www.chess.com"]

[Event "Titled Tuesday Blitz July 26 Late 2022"]
[White "Gallana, Marco"]
[Black "Hardaway, Brewington"]
[WhiteFideId "824542"]
[BlackFideId "30941849"]
[WhiteElo "2290"]
[BlackElo "1813"]
[Result "1-0"]
[Round "02"]
[TimeControl "180+1"]
[Date "2022.07.27"]
[WhiteClock "0:00:06"]
[BlackClock "0:00:15"]

1. d4 f6 2. e4 e6 3. Nf3 d5 4. Bd3 dxe4 5. Bxe4 f5 6. Bd3 Nf6 7. O-O Bd6 8. Re1 O-O 9. Bc4 Nc6 10. c3 Qe8 11. b4 Nd8 12. Qb3 Kh8 13. Nbd2 Qh5 14. Nf1 Ne4 15. Ng3 Nxg3 16. hxg3 a6 17. Bf4 b5 18. Be2 Bb7 19. Ne5 Qe8 20. a4 bxa4 21. Qxa4 Nc6 22. Bf3 Nd8 23. Qxe8 Rxe8 24. Nf7+ Nxf7 25. Bxb7 Ra7 26. Bc6 Re7 27. Ra5 Nd8 28. Bf3 Bxf4 29. gxf4 c6 30. Rea1 Rac7 31. Rxa6 Kg8 32. Ra8 Red7 33. R1a6 Kf7 34. Rb8 h6 35. g3 g5 36. Raa8 Ke7 37. fxg5 hxg5 38. Rb6 Rd6 39. Raa6 g4 40. Bg2 e5 41. d5 e4 42. dxc6 Rd1+ 43. Bf1 Kd6 44. Kg2 Rc1 45. c4 Rc2 46. b5 e3 47. Ra8 Rxf2+ 48. Kg1 Ne6 49. Rbb8 Nd4 50. Rd8+ Ke5 51. Rd5+ Ke4 52. Re8+ Kf3 53. Rxd4 Kxg3 54. Rxe3+ Rf3 55. Rxf3+ gxf3 56. Rd3 Rg7 57. b6 Rg4 58. b7 Rg8 59. c7 Kf4+ 60. Kf2 Rg3 61. Rxf3+ Rxf3+ 62. Ke2 Re3+ 63. Kd2 Rb3 64. b8=Q Rf3 65. c8=Q+ Ke4 66. Qbb7+ Ke5 67. Qxf3 f4 68. Qf5+ Kd4 69. Q3xf4# 1-0


[Site "https://www.chess.com"]

[Event "Titled Tuesday Blitz July 26 Late 2022"]
[White "Gonzalez Vega, Alejandro"]
[Black "Begmuratov, Khumoyun"]
[WhiteFideId "3510042"]
[BlackFideId "14210207"]
[WhiteElo "2249"]
[BlackElo "1978"]
[Result "0-1"]
[Round "02"]
[TimeControl "180+1"]
[Date "2022.07.27"]
[WhiteClock "0:00:07"]
[BlackClock "0:00:07"]

1. e4 e5 2. Nf3 Nc6 3. d4 exd4 4. Bc4 Bc5 5. c3 b5 6. Bxb5 dxc3 7. Nxc3 Nge7 8. O-O O-O 9. Bc4 d6 10. h3 a5 11. Bg5 Ba6 12. Bxa6 Rxa6 13. Rc1 h6 14. Bh4 Qd7 15. b3 Ng6 16. Bg3 Raa8 17. Na4 Ba3 18. Rc2 Rae8 19. Re1 Bb4 20. Ree2 Nce5 21. Nd4 c5 22. Nf5 Rd8 23. Nb6 Qb7 24. Nd5 Rfe8 25. h4 Nf8 26. h5 f6 27. Bf4 Ne6 28. Be3 Ng4 29. Bc1 a4 30. Rc4 axb3 31. axb3 Ne5 32. Rcc2 Rd7 33. Re3 Nd4 34. Rg3 Nxf5 35. exf5 Kf8 36. Bxh6 gxh6 37. Nxf6 Ke7 38. Nxe8 Kxe8 39. f4 Nc6 40. Qe2+ Kd8 41. Rg8+ Kc7 42. Qe8 Nd4 43. Rc1 Kb6 44. Ra1 Rc7 45. Qa8 Qxa8 46. Rgxa8 Kc6 47. f6 Rf7 48. R1a6+ Kd5 49. Rd8 Rxf6 50. g3 Bc3 51. Re8 Nxb3 52. Re3 Bd4 53. Kf2 Re6 54. f5 Rxe3 55. Kf1 Rf3+ 56. Kg2 Rxf5 57. Ra8 Rxh5 58. Rg8 Rg5 59. Rh8 Bxh8 60. Kf3 Nd4+ 61. Kf4 c4 62. g4 Be5+ 63. Ke3 c3 64. Kd3 c2 65. Kd2 Kc4 66. Kc1 Rxg4 0-1


[Site "https://www.chess.com"]

[Event "Titled Tuesday Blitz July 26 Late 2022"]
[White "Havanecz, Bianka"]
[Black "Daggupati, Balaji"]
[WhiteFideId "704814"]
[BlackFideId "2090759"]
[WhiteElo "2314"]
[BlackElo "2702"]
[Result "0-1"]
[Round "02"]
[TimeControl "180+1"]
[Date "2022.07.27"]
[WhiteClock "0:00:01"]
[BlackClock "0:01:22"]

1. d4 d5 2. c4 c6 3. Nf3 Nf6 4. Nc3 e6 5. e3 Nbd7 6. b3 Bb4 7. Bd2 O-O 8. Bd3 dxc4 9. bxc4 Qe7 10. O-O e5 11. dxe5 Nxe5 12. Nxe5 Qxe5 13. Qc2 Rd8 14. Rad1 Be6 15. Ne2 Bxd2 16. Rxd2 Rd7 17. Rfd1 Rad8 18. Nf4 Bg4 19. Rb1 h6 20. h3 Bf5 21. Rbd1 Ne4 22. Bxe4 Bxe4 23. Rxd7 Rxd7 24. Qc1 Rd6 25. Rxd6 Qxd6 26. c5 Qe5 27. a3 Bf5 28. g4 Be4 29. Ne2 h5 30. Ng3 Bf3 31. gxh5 Qe6 32. Kh2 Qd5 33. Qc3 Qa2 34. Kg1 Qb1+ 35. Kh2 Qa2 0-1


[Site "https://www.chess.com"]

[Event "Titled Tuesday Blitz July 26 Late 2022"]
[White "Holt, Conrad"]
[Black "Taboas Rodriguez, Daniel"]
[WhiteFideId "2034387"]
[BlackFideId "2208466"]
[WhiteElo "2586"]
[BlackElo "2429"]
[Result "1-0"]
[Round "02"]
[TimeControl "180+1"]
[Date "2022.07.26"]
[WhiteClock "0:00:19"]
[BlackClock "0:00:18"]

1. d4 Nf6 2. c4 g6 3. Nc3 Bg7 4. e4 d6 5. Nf3 O-O 6. h3 c5 7. d5 e6 8. Bd3 exd5 9. cxd5 a6 10. a4 Nbd7 11. O-O Nh5 12. Re1 Re8 13. Be2 Rb8 14. Be3 Nhf6 15. Qc2 Ne5 16. Nd2 Qe7 17. a5 b5 18. axb6 Rxb6 19. f4 Ned7 20. Nc4 Rb4 21. Na5 Nxe4 22. Nc6 Qh4 23. Nxb4 Nxc3 24. Bxa6 cxb4 25. Bf2 Qd8 26. Bxc8 Qxc8 27. bxc3 Bxc3 28. Rxe8+ Qxe8 29. Rd1 Nf6 30. f5 Qe5 31. fxg6 hxg6 32. Qd3 b3 33. Bg3 Qh5 34. Rb1 Nxd5 35. Rxb3 1-0


[Site "https://www.chess.com"]

[Event "Titled Tuesday Blitz July 26 Late 2022"]
[White "Howell, David W L"]
[Black "Koellner, Ruben Gideon"]
[WhiteFideId "410608"]
[BlackFideId "12993093"]
[WhiteElo "2559"]
[BlackElo "2530"]
[Result "1-0"]
[Round "02"]
[TimeControl "180+1"]
[Date "2022.07.27"]
[WhiteClock "0:00:15"]
[BlackClock "0:00:01"]

1. e4 d6 2. Nc3 Nf6 3. f4 e5 4. Nf3 exf4 5. d4 Nh5 6. Bc4 g6 7. O-O Bh6 8. Qd3 O-O 9. Bd2 Nc6 10. a3 Kh8 11. Rae1 f5 12. e5 dxe5 13. Nxe5 Nxe5 14. Rxe5 Bg7 15. Rd5 Qf6 16. Ne2 Be6 17. Rc5 Bxc4 18. Rxc4 c6 19. Nxf4 Nxf4 20. Bxf4 Qe6 21. Rb4 Rf7 22. h3 Re8 23. Qd2 Qe2 24. Rf2 Qe1+ 25. Qxe1 Rxe1+ 26. Rf1 Re4 27. c3 b5 28. a4 a6 29. Bd6 Bf8 30. Bxf8 Rxf8 31. Rb3 Re2 32. Rf2 Re1+ 33. Kh2 Ra1 34. axb5 axb5 35. d5 cxd5 36. Rxb5 Rd8 37. Rd2 d4 38. cxd4 Rd6 39. Rb7 Ra4 40. Rc2 Raxd4 41. Rcc7 Kg8 42. Rg7+ Kf8 43. Rxh7 Kg8 44. Rbg7+ Kf8 45. Ra7 Kg8 46. Rag7+ Kf8 47. Rb7 Kg8 48. Rhe7 Rd8 49. b4 R4d6 50. b5 f4 51. h4 Rd2 52. Rg7+ Kh8 53. Rxg6 f3 54. Rf7 Rxg2+ 55. Rxg2 fxg2 56. b6 Rd2 57. b7 Rd8 58. Rc7 Rg8 59. Kg1 Rd8 60. Rc8 1-0


[Site "https://www.chess.com"]

[Event "Titled Tuesday Blitz July 26 Late 2022"]
[White "Isajevsky, Anton"]
[Black "Lashkin, Jegor"]
[WhiteFideId "4142500"]
[BlackFideId "13907808"]
[WhiteElo "2510"]
[BlackElo "2368"]
[Result "0-1"]
[Round "02"]
[TimeControl "180+1"]
[Date "2022.07.26"]
[WhiteClock "0:00:02"]
[BlackClock "0:01:29"]

1. c4 b6 2. Nc3 Bb7 3. d4 f5 4. Nf3 e6 5. a3 Nf6 6. d5 Na6 7. g3 Nc5 8. Bg2 Bd6 9. O-O O-O 10. Nd4 Be5 11. e3 a5 12. a4 Nfe4 13. Ra3 Qe7 14. Bd2 Qf7 15. Ndb5 c6 16. dxe6 dxe6 17. Nd4 Rad8 18. Nxe4 fxe4 19. Bc3 Qg6 20. Qe2 Bf6 21. Rd1 Rf7 22. Rd2 Rfd7 0-1


[Site "https://www.chess.com"]

[Event "Titled Tuesday Blitz July 26 Late 2022"]
[White "Janaszak, Dawid"]
[Black "Jacobson, Brandon"]
[WhiteFideId "1119206"]
[BlackFideId "30901561"]
[WhiteElo "2199"]
[BlackElo "2362"]
[Result "0-1"]
[Round "02"]
[TimeControl "180+1"]
[Date "2022.07.26"]
[WhiteClock "0:00:02"]
[BlackClock "0:00:05"]

1. d4 Nf6 2. Bf4 b6 3. Nf3 Bb7 4. a4 a5 5. h3 g6 6. Nc3 Bg7 7. Qd2 d6 8. Bh6 O-O 9. Bxg7 Kxg7 10. d5 e6 11. e4 exd5 12. exd5 Na6 13. Bxa6 Bxa6 14. O-O-O Qd7 15. Qd4 Qd8 16. Ne4 Re8 17. Rhe1 Qe7 18. Neg5 Qd7 19. Nxh7 Kxh7 20. Qxf6 Kg8 21. b3 b5 22. axb5 Bxb5 23. Rxe8+ Rxe8 24. Re1 a4 25. Kb2 Rxe1 26. Nxe1 Qe8 27. Nf3 axb3 28. Kxb3 Ba4+ 29. Kc3 Qe4 30. Qxf7+ Kxf7 31. Ng5+ Kf6 32. Nxe4+ Ke5 33. f3 Kxd5 34. h4 Ke5 35. g3 Bc6 36. Kd3 d5 37. Nd2 Bb5+ 38. Ke3 d4+ 39. Kf2 Ba4 40. Nb3 Kd5 41. Ke2 c5 42. Kd2 c4 43. Nc1 c3+ 44. Kd1 Ke5 45. Nd3+ Kf6 46. Ne1 Bc6 47. Ke2 Bb5+ 48. Kd1 Kf5 49. Ng2 Bc6 50. g4+ Kf6 51. Ne1 Ke5 52. Ke2 Kf4 53. Nd3+ Kg3 54. h5 Bxf3+ 55. Ke1 gxh5 56. gxh5 Bxh5 57. Ne5 Be8 58. Ke2 Kf4 59. Nd3+ Ke4 60. Nb4 Bb5+ 61. Ke1 Ba4 62. Kd1 Ke3 63. Kc1 Bb5 64. Nd5+ Ke4 65. Nb4 Bc4 66. Nc6 Kd5 67. Ne7+ Kd6 68. Nf5+ Ke5 69. Ne7 Bb5 70. Nc8 Ke6 71. Kd1 Bd7 72. Nb6 Bb5 73. Ke1 Ba6 74. Na4 Kd6 75. Kd1 Bb5 76. Nb6 Ba6 77. Na8 Kc6 78. Kc1 Kb7 79. Nb6 Kxb6 0-1


[Site "https://www.chess.com"]

[Event "Titled Tuesday Blitz July 26 Late 2022"]
[White "Jeet, Jain"]
[Black "Grigoriants, Sergey"]
[WhiteFideId "5073022"]
[BlackFideId "4130804"]
[WhiteElo "2055"]
[BlackElo "2502"]
[Result "0-1"]
[Round "02"]
[TimeControl "180+1"]
[Date "2022.07.26"]
[WhiteClock "0:00:29"]
[BlackClock "0:00:04"]

1. Nf3 c5 2. g3 Nc6 3. Bg2 g6 4. O-O Bg7 5. c3 e6 6. d4 cxd4 7. cxd4 d5 8. Nc3 Nge7 9. Bf4 O-O 10. e3 b6 11. Rc1 Bb7 12. Qa4 Nf5 13. Rc2 Nd6 14. Rfc1 a6 15. b3 b5 16. Qa3 b4 17. Qa4 bxc3 18. Rxc3 Ne7 19. Rc7 Rc8 20. Rxc8 Bxc8 21. Bf1 Qb6 22. Ne5 Nef5 23. Rc6 Qd8 24. g4 g5 25. Bg3 Nxg3 26. hxg3 Bxe5 27. dxe5 Ne4 28. Bxa6 Bxa6 29. Qxa6 Qb8 30. f3 Nxg3 31. Kg2 Qxe5 32. Qd3 h5 33. gxh5 Nxh5 34. a4 Qg3+ 35. Kf1 Qxf3+ 36. Ke1 Nf4 37. Qb5 Qxe3+ 38. Kd1 Qd4+ 39. Kc2 Qe4+ 40. Kc3 g4 41. a5 Ne2+ 42. Kd2 Nd4 43. Qb6 Nxc6 44. Qxc6 Qb4+ 45. Ke2 Qxa5 46. Qc1 Rb8 47. Qg5+ Kf8 48. Qh6+ Ke7 49. Qg5+ Kd6 50. Qf4+ e5 51. Qf6+ Kc5 52. Qe7+ Kd4 53. Qg5 Qa2+ 54. Kf1 Qb1+ 55. Kg2 Qc2+ 56. Kg3 Qd3+ 57. Kxg4 Qe4+ 58. Kh5 Rh8+ 59. Qh6 Rxh6+ 60. Kg5 Qg6# 0-1


[Site "https://www.chess.com"]

[Event "Titled Tuesday Blitz July 26 Late 2022"]
[White "Jorquera, Marcelo"]
[Black "Helin, Mikael"]
[WhiteFideId "3401197"]
[BlackFideId "1703838"]
[WhiteElo "2136"]
[BlackElo "1787"]
[Result "1-0"]
[Round "02"]
[TimeControl "180+1"]
[Date "2022.07.27"]
[WhiteClock "0:00:08"]
[BlackClock "0:00:22"]

1. e4 d6 2. Nc3 Nf6 3. h3 e5 4. g3 Nbd7 5. Bg2 Be7 6. d3 c6 7. a4 a5 8. Nge2 h6 9. O-O g5 10. f4 gxf4 11. gxf4 Qc7 12. Ng3 Nf8 13. Nf5 Bxf5 14. exf5 O-O-O 15. Qf3 h5 16. Ne4 N8h7 17. Ng5 Rdf8 18. c4 Qb6+ 19. Kh1 Ng4 20. Rb1 Nhf6 21. Bd2 Qb3 22. Bxa5 exf4 23. Qxf4 Ne5 24. Ne4 Nfg4 25. c5 d5 26. Nd6+ Kb8 27. Bc3 f6 28. d4 Nd3 29. Qg3 Ka7 30. Qxd3 Rfg8 31. a5 Bxd6 32. cxd6 Qc4 33. Qxc4 dxc4 34. hxg4 hxg4+ 35. Kg1 g3 36. Rbe1 b5 37. Bb4 Rg4 38. Bc5+ Ka6 39. Re7 b4 40. Rc1 c3 41. bxc3 Rgh4 42. cxb4 Kb5 43. Bf1+ Ka4 44. Bg2 Kb5 45. Ra1 Kc4 46. a6 Kd3 47. a7 Ra8 48. Rb7 Rhh8 49. Rb8 Raxb8 50. axb8=Q Rxb8 51. Ra7 Ke3 52. Rg7 Kf4 53. d7 Kxf5 54. Bb6 Rb7 55. d8=Q Rxg7 56. Qc8+ Kg6 57. Qh3 Rh7 58. Bc5 Rxh3 59. Bxh3 f5 60. Kg2 f4 61. Kf3 Kg5 62. Bd6 Kh4 63. Bxf4 Kxh3 64. Bxg3 c5 65. Be5 c4 66. d5 Kh4 67. d6 c3 68. Bxc3 Kg5 69. d7 Kf5 70. d8=Q 1-0


[Site "https://www.chess.com"]

[Event "Titled Tuesday Blitz July 26 Late 2022"]
[White "Kamsky, Gata"]
[Black "Al-Tarboush, Ward"]
[WhiteFideId "2000024"]
[BlackFideId "7601450"]
[WhiteElo "2645"]
[BlackElo "2231"]
[Result "1-0"]
[Round "02"]
[TimeControl "180+1"]
[Date "2022.07.26"]
[WhiteClock "0:00:36"]
[BlackClock "0:00:13"]

1. e4 b6 2. d4 Bb7 3. Bd3 e6 4. Nf3 c5 5. c3 Nf6 6. Qe2 Be7 7. O-O Nc6 8. a3 Na5 9. Nbd2 c4 10. Bc2 Qc7 11. Re1 d6 12. Rb1 h6 13. Nf1 g5 14. e5 Nd5 15. exd6 Bxd6 16. Ne5 O-O-O 17. Ng3 Rdg8 18. Nh5 Kb8 19. f3 f5 20. Bd2 Ka8 21. Ba4 a6 22. b4 cxb3 23. Bxb3 Nxb3 24. Rxb3 Rc8 25. a4 Rhg8 26. Ng3 g4 27. fxg4 fxg4 28. c4 Bxe5 29. cxd5 Bxg3 30. hxg3 exd5 31. Bf4 Qd7 32. Rxb6 Rge8 33. Qd2 Rxe1+ 34. Qxe1 Qxa4 35. Qe7 Qxd4+ 36. Be3 Qd1+ 37. Kh2 Rb8 38. Rxa6+ 1-0


[Site "https://www.chess.com"]

[Event "Titled Tuesday Blitz July 26 Late 2022"]
[White "Karas, Marek"]
[Black "Leiva, Gianmarco"]
[WhiteFideId "14928558"]
[BlackFideId "3804399"]
[WhiteElo "2250"]
[BlackElo "2323"]
[Result "0-1"]
[Round "02"]
[TimeControl "180+1"]
[Date "2022.07.27"]
[WhiteClock "0:00:36"]
[BlackClock "0:00:49"]

1. d4 Nf6 2. Nf3 e6 3. c4 d5 4. Nc3 a6 5. cxd5 exd5 6. Bg5 Be6 7. Bxf6 Qxf6 8. Qb3 Ra7 9. e3 Qd8 10. Bd3 c6 11. O-O Bd6 12. Qc2 h6 13. Bf5 O-O 14. Rab1 a5 15. a3 Bxf5 16. Qxf5 a4 17. Qc2 Qa5 18. e4 Nd7 19. exd5 cxd5 20. Qf5 Nf6 21. Rbc1 Raa8 22. g4 Rae8 23. h4 Re6 24. g5 g6 25. Qd3 Ne4 26. Qb5 Qxb5 27. Nxb5 Bf4 28. Rce1 hxg5 29. hxg5 Rc8 30. Re2 Nxg5 31. Rxe6 Nxf3+ 32. Kg2 Nh4+ 33. Kh3 fxe6 34. Kxh4 Rc2 35. Nc3 Rxb2 36. Nxa4 Rd2 37. Nc5 Kf7 38. Nxb7 Rxd4 39. Ra1 Be5+ 40. Kh3 Rd3+ 0-1


[Site "https://www.chess.com"]

[Event "Titled Tuesday Blitz July 26 Late 2022"]
[White "Krishnan, Varun"]
[Black "Petrovic, Aleksa"]
[WhiteFideId "5054508"]
[BlackFideId "967629"]
[WhiteElo "2726"]
[BlackElo "2185"]
[Result "1-0"]
[Round "02"]
[TimeControl "180+1"]
[Date "2022.07.27"]
[WhiteClock "0:00:09"]
[BlackClock "0:00:47"]

1. d4 d5 2. c4 c6 3. Nf3 Nf6 4. Nc3 e6 5. e3 Nbd7 6. Qc2 Bd6 7. b3 O-O 8. Bd3 b6 9. Bb2 Bb7 10. O-O Qe7 11. e4 dxe4 12. Nxe4 Nxe4 13. Bxe4 Nf6 14. Bd3 c5 15. dxc5 Bxc5 16. Ne5 Rfd8 17. Rad1 Rac8 18. Qe2 Ba8 19. Ng4 Nxg4 20. Qxg4 f5 21. Qh3 Bd4 22. Bxd4 Rxd4 23. Bxf5 Rxd1 24. Bxe6+ Kh8 25. Rxd1 Re8 26. Qe3 h6 27. Bh3 Qf8 28. Qd2 Be4 29. Re1 Rd8 30. Qe3 Bg6 31. Bg4 Kh7 32. Bf3 Re8 33. Qc3 Qf6 34. Qc1 Qb2 35. h4 Rxe1+ 36. Qxe1 Qxa2 37. h5 Bb1 38. Qe8 Qxb3 39. Bd5 1-0


[Site "https://www.chess.com"]

[Event "Titled Tuesday Blitz July 26 Late 2022"]
[White "Krstulovic, Alex"]
[Black "Djordjevic, Vuk"]
[WhiteFideId "760056"]
[BlackFideId "902098"]
[WhiteElo "2244"]
[BlackElo "2456"]
[Result "*"]
[Round "02"]
[TimeControl "180+1"]
[Date "2022.07.26"]
[WhiteClock "0:02:00"]
[BlackClock "0:02:18"]

1. e4 d5 2. exd5 Qxd5 3. Nc3 Qd6 4. d4 Nf6 5. Nf3 c6 6. g3 Bg4 7. Bg2 e6 8. Bf4 Qd8 9. O-O Bd6 10. Qd2 Bxf4 11. Qxf4 Nbd7 12. Ne5 Bf5 13. g4 Bxc2 14. g5 Nxe5 15. gxf6 Ng6 16. fxg7 Rg8 17. Qd2 Rxg7 18. Qxc2 Nf4 19. Qe4 Rxg2+ 20. Kh1 *


[Site "https://www.chess.com"]

[Event "Titled Tuesday Blitz July 26 Late 2022"]
[White "Leenhouts, Koen"]
[Black "Csonka, Balazs"]
[WhiteFideId "1008439"]
[BlackFideId "742910"]
[WhiteElo "2409"]
[BlackElo "2404"]
[Result "1/2-1/2"]
[Round "02"]
[TimeControl "180+1"]
[Date "2022.07.27"]
[WhiteClock "0:01:25"]
[BlackClock "0:00:57"]

1. d4 d5 2. c4 e6 3. Nf3 Nf6 4. g3 dxc4 5. Bg2 Nc6 6. Qa4 Bb4+ 7. Bd2 Nd5 8. Qb5 Bxd2+ 9. Nbxd2 c3 10. bxc3 Nxc3 11. Qd3 Nd5 12. O-O O-O 13. Rfd1 b6 14. e4 Nde7 15. Rac1 Bb7 16. h4 Qd7 17. Nc4 Rad8 18. Qb1 Qc8 19. Ne3 Na5 20. Ne5 Nac6 21. Nf3 Na5 22. Ne5 Nac6 23. Nf3 1/2-1/2


[Site "https://www.chess.com"]

[Event "Titled Tuesday Blitz July 26 Late 2022"]
[White "Madaminov, Mukhiddin"]
[Black "Pham, Khoi"]
[WhiteFideId "14210703"]
[BlackFideId "1054988"]
[WhiteElo "2011"]
[BlackElo "2298"]
[Result "0-1"]
[Round "02"]
[TimeControl "180+1"]
[Date "2022.07.27"]
[WhiteClock "0:00:04"]
[BlackClock "0:00:43"]

1. d4 Nf6 2. Nc3 d5 3. Bf4 e6 4. Nb5 Na6 5. e3 Be7 6. Nf3 O-O 7. Bd3 c6 8. Nc3 c5 9. O-O Nb4 10. a3 Nxd3 11. cxd3 b6 12. Rc1 Bb7 13. Qb3 Nd7 14. dxc5 Nxc5 15. Qc2 Rc8 16. b4 Nd7 17. Qa4 a6 18. Qb3 Bf6 19. d4 b5 20. a4 Qb6 21. a5 Qd8 22. Ne2 Be7 23. Bg3 Rc4 24. Nd2 Rxb4 25. Qd3 Qxa5 26. Rc7 Bc8 27. Rfc1 Rc4 28. Nxc4 dxc4 29. Qe4 e5 30. Qc6 Nb8 31. Rxc8 Nxc6 32. Rxc6 Ba3 33. Ra1 Qd2 0-1


[Site "https://www.chess.com"]

[Event "Titled Tuesday Blitz July 26 Late 2022"]
[White "Manukian, Artak"]
[Black "Papasimakopoulos, Alexandros"]
[WhiteFideId "13301373"]
[BlackFideId "4244125"]
[WhiteElo "2334"]
[BlackElo "2340"]
[Result "1-0"]
[Round "02"]
[TimeControl "180+1"]
[Date "2022.07.27"]
[WhiteClock "0:00:17"]
[BlackClock "0:01:00"]

1. e4 e6 2. d4 d5 3. e5 b6 4. c3 Qd7 5. Nf3 Ne7 6. Bd3 Ba6 7. O-O Bxd3 8. Qxd3 c5 9. Nbd2 Nbc6 10. a3 c4 11. Qc2 Na5 12. b4 cxb3 13. Nxb3 Nxb3 14. Qxb3 Nc6 15. Nd2 Na5 16. Qa2 Qa4 17. Rb1 Be7 18. Nb3 Nc4 19. Nd2 Rc8 20. Nxc4 Rxc4 21. Qb3 Qa5 22. Bb2 O-O 23. f4 g6 24. g4 Qa4 25. Qxa4 Rxa4 26. Ra1 f5 27. exf6 Bxf6 28. Kg2 Kf7 29. Rf3 Be7 30. f5 exf5 31. gxf5 g5 32. Re3 Rd8 33. Kf3 b5 34. Kg4 Bf6 35. Rae1 a5 36. Re6 b4 37. cxb4 axb4 38. Bc1 bxa3 39. Rxf6+ Kxf6 40. Bxg5+ Kf7 41. Bxd8 Rxd4+ 42. Kg5 h6+ 43. Kxh6 a2 44. Ra1 Rd2 45. Kg5 Rxh2 46. Bb6 Rd2 47. Kf4 d4 48. Ke4 d3 49. Ke3 Rb2 50. Bd4 Rb5 51. f6 Ra5 52. Kxd3 Ke6 53. Bc3 Ra7 54. Kc2 Kd5 55. Kb3 Rb7+ 56. Kxa2 Kc4 57. Bb2 Kd3 58. Rd1+ Kc2 59. Rc1+ Kd3 60. Rc6 Ke4 61. Re6+ Kd5 62. Re7 Rb8 63. f7 Ra8+ 64. Kb1 Kd6 65. Rb7 Ke6 66. Ba3 Rxa3 67. f8=Q Rh3 68. Qf7+ Ke5 69. Rb5+ Kd4 70. Qf4+ Kc3 71. Qb4+ Kd3 72. Rd5+ Ke2 73. Rd2+ Kf1 74. Qf4+ Kg1 75. Qg4+ Kh1 76. Qxh3+ Kg1 77. Qg2# 1-0


[Site "https://www.chess.com"]

[Event "Titled Tuesday Blitz July 26 Late 2022"]
[White "Martin Carmona, Gaston Manuel"]
[Black "Maksimovic, Bojan"]
[WhiteFideId "22284567"]
[BlackFideId "14408120"]
[WhiteElo "2162"]
[BlackElo "2453"]
[Result "0-1"]
[Round "02"]
[TimeControl "180+1"]
[Date "2022.07.26"]
[WhiteClock "0:00:06"]
[BlackClock "0:00:07"]

1. e4 c5 2. Nf3 Nc6 3. d4 cxd4 4. Nxd4 e5 5. Nb5 d6 6. N1c3 a6 7. Na3 Be7 8. Nc4 b5 9. Ne3 Nf6 10. Bd3 O-O 11. O-O Nb4 12. a3 Nxd3 13. Qxd3 Be6 14. Ncd5 Nd7 15. b4 Nb6 16. Nxb6 Qxb6 17. c4 bxc4 18. Nxc4 Qb5 19. Nb2 Rfc8 20. Rd1 Qxd3 21. Nxd3 f5 22. exf5 Bxf5 23. Bb2 Rc2 24. Rab1 Rac8 25. h3 Kf7 26. Ba1 Ra2 27. Rb3 Rcc2 28. Rf1 Be6 29. Rc3 Rxc3 30. Bxc3 Rxa3 31. Rc1 Bg5 32. f4 Bxf4 33. Nxf4 exf4 34. Bd4 g5 35. Rc7+ Kg6 36. Rc6 Kf5 37. Rxd6 h5 38. Bc5 h4 39. Rd1 Ra2 40. Bf2 Rb2 41. Bc5 Bc4 42. Rd4 Bb3 43. Rd8 Rb1+ 44. Kf2 Bc4 45. Rf8+ Kg6 46. Kf3 Bd5+ 47. Kf2 Rb2+ 48. Ke1 Rxg2 49. Rg8+ Kf5 50. Rf8+ Kg6 51. Be7 Rg3 52. Rf6+ Kg7 53. Rxa6 Bg2 54. Bf6+ Kf7 55. Be5 Bxh3 56. b5 Rg1+ 57. Kf2 Rb1 58. Rf6+ Ke7 59. b6 Rb5 60. Rg6 Rxe5 61. b7 Rb5 62. Rg8 Rb2+ 63. Kg1 Rxb7 64. Rg7+ Kf6 65. Rxb7 Be6 66. Rb5 g4 67. Kf2 Bf5 68. Rb6+ Kg5 69. Rb8 h3 70. Rg8+ Bg6 71. Kg1 g3 72. Rb8 h2+ 73. Kg2 Be4+ 0-1


[Site "https://www.chess.com"]

[Event "Titled Tuesday Blitz July 26 Late 2022"]
[White "Martinez Alcantara, Jose Eduardo"]
[Black "Aaron, Deepak"]
[WhiteFideId "3805662"]
[BlackFideId "2009412"]
[WhiteElo "2703"]
[BlackElo "2640"]
[Result "1-0"]
[Round "02"]
[TimeControl "180+1"]
[Date "2022.07.26"]
[WhiteClock "0:00:16"]
[BlackClock "0:00:01"]

1. e4 e6 2. d4 d5 3. Nd2 Nf6 4. e5 Nfd7 5. c3 c5 6. Bd3 Nc6 7. Ngf3 Qb6 8. O-O cxd4 9. cxd4 Nxd4 10. Nxd4 Qxd4 11. Nf3 Qb6 12. Qa4 Qb4 13. Qc2 Nc5 14. Bd2 Qa4 15. b3 Qd7 16. Rac1 Nxd3 17. Qxd3 Be7 18. Rc3 h6 19. Rfc1 O-O 20. Nd4 Bd8 21. Qh3 f6 22. Rg3 Kh7 23. Nf3 Qf7 24. Qh4 fxe5 25. Bg5 e4 26. Bxd8 exf3 27. Rxf3 Qe8 28. Rxf8 Qxf8 29. Bc7 Bd7 30. Be5 Rc8 31. Re1 Qf5 32. Qg3 Qg6 33. Qe3 Qe4 34. Qd2 Rc2 35. Qd1 Qf5 36. Qd4 Re2 37. Qc3 Rxe1+ 38. Qxe1 Qe4 39. Qxe4+ dxe4 40. Bd4 b6 41. Kf1 Bb5+ 42. Ke1 Bd3 43. Kd2 a6 44. Ke3 b5 45. Bc3 g5 46. Kd4 Kg6 47. Bd2 Kf5 48. h3 h5 49. g3 g4 50. h4 e5+ 51. Kc5 Bb1 52. a3 Bc2 53. b4 Ba4 54. Kd5 Bb3+ 55. Kd6 Ba4 56. Be3 Bb3 57. Kc5 Bc4 58. Kb6 Ke6 59. Kxa6 Kd5 60. Ka5 Bf1 61. a4 Kc6 62. axb5+ Bxb5 63. Bd2 Bc4 64. Ka4 Bb5+ 65. Kb3 Kd5 66. Kc3 Ba6 67. Bc1 Bb5 68. Bb2 Ba6 69. Kd2 Bb5 70. Ke3 Ba6 71. Bc1 Bb5 72. Kd2 Ba6 73. Kc3 Bb5 74. Kb3 Ba6 75. Ka4 Kc6 76. Bb2 Bb5+ 77. Ka5 Bc4 78. Bxe5 Bd3 79. Bd4 Bc4 80. Ba7 Bd3 81. Ka4 Bc4 82. Bd4 Bd3 83. Kb3 Kd5 84. Ba7 Be2 85. Kc3 Bf1 86. Kc2 Kc4 87. Bc5 Kd5 88. Kd2 Bc4 89. Ke3 Ke5 90. Ba7 Bf1 91. Bb8+ Kf5 92. Kd4 Be2 93. Bf4 1-0


[Site "https://www.chess.com"]